 Dungeon Crawl Stone Soup version 0.32-a0-630-g46d191b0ed (webtiles) character file.

Game seed: 7514036628081775049

640 Alarak the Covert (level 7, -9/47 HPs)
             Began as an Octopode Shapeshifter on Mar 6, 2024.
             Mangled by Pikel
             ... wielding a +2 whip of electrocution
              (15 damage)
             ... on level 5 of the Dungeon.
             The game lasted 00:07:49 (4016 turns).

Alarak the Covert (Octopode Shapeshifter)           Turns: 4016, Time: 00:07:54

Health: -9/47      AC:  1    Str: 15    XL:     7   Next: 51%
Magic:  7/7        EV: 13    Int: 12    God:
Gold:   276        SH:  0    Dex: 12    Spells: 6/6 levels left

rFire   . . .        n - +4 dagger
rCold   . . .        (no shield)
rNeg    . . .        (helmet currently unavailable)
rPois   .            (no amulet)
rElec   .            (no ring)
rCorr   .            (no ring)
SInv    .            (no ring)
Will    .....        (no ring)
Stlth   +++++        (no ring)
HPRegen 0.27/turn    (no ring)
MPRegen 0.10/turn    (no ring)
                     (no ring)

%: no passive effects
@: beast-form
A: beast (slay +2), almost no armour, amphibious, 8 rings, camouflage 1,
gelatinous body 1, (nimble swimmer 1), tentacles
a: Begin Untransformation


You were on level 5 of the Dungeon.
You were a hulking beast.
You visited 1 branch of the dungeon, and saw 6 of its levels.

You collected 276 gold pieces.

Inventory:

Hand Weapons
 n - a +4 dagger (weapon)
Jewellery
 o - a ring of protection from fire
Talismans
 b - a beast talisman (active)
 c - a flux talisman
Wands
 p - a wand of flame (19)
Scrolls
 d - 3 scrolls of silence
 f - a scroll of identify
 j - a scroll of poison
 l - 2 scrolls of teleportation
 r - a scroll of blinking
 s - a scroll of amnesia {unknown}
Potions
 a - a potion of lignification
 e - 4 potions of curing
 g - a potion of attraction
 h - 3 potions of ambrosia {unknown}
 i - a potion of might {unknown}
 k - 2 potions of invisibility {unknown}
 m - 2 potions of heal wounds {unknown}
 q - 2 potions of degeneration {unknown}


   Skills:
 + Level 3.6 Fighting
 - Level 2.0 Dodging
 - Level 8.2 Stealth
 - Level 4.2 Unarmed Combat
 - Level 3.6 Shapeshifting


You had 6 spell levels left.
You didn't know any spells.
Your spell library contained the following spells:

 Spells                   Type           Power      Damage    Failure   Level
 Ensorcelled Hibernation  Hex/Ice        0%         N/A       45%         2
 Passwall                 Erth           0%         N/A       69%         3
 Stone Arrow              Conj/Erth      0%         3d7       69%         3
 Swiftness                Air            0%         N/A       69%         3
 Lehudib's Crystal Spear  Conj/Erth      0%         10d2      100%        8
 Animate Armour           Summ/Erth      Unusable   N/A       N/A         4

Dungeon Overview and Level Annotations

Branches:
Dungeon (6/15)
 Temple: D:4-7

Altars:
Ashenzari
Kikubaaqudgha
Makhleb
Yredelemnul

Shops:
D:4 :

Annotations:
D:1 2 transporters
D:5 Pikel


Innate Abilities, Weirdness & Mutations

You are a hulking beast.
Your limbs bulge with bestial killing power. (Slay +2)
You cannot wear most types of armour.
You are amphibious.
You can wear up to eight rings at the same time.
Your skin changes colour to match your surroundings (Stealth+).
Your rubbery body absorbs attacks. (AC +1, EV +1)
((You are camouflaged when in or above water. (Stealth+)))
You have tentacles for arms and can constrict up to eight enemies at once.


Message History

You see here 7 stones.
Found a robe.
l - 2 scrolls of teleportation (gained 1)
s - a scroll labelled ZIC ZE MEDUH
q - 2 sapphire potions (gained 1)
Found 6 stones.
You see here 6 stones.
A lemure comes into view.
The lemure shouts!
You hear a shout!
The lemure barely misses you.
The lemure shouts!
You puncture the lemure! Your grab misses the lemure.
The lemure is moderately wounded.
The lemure barely misses you.
You hit the lemure. Your grab misses the lemure.
The lemure is heavily wounded.
The lemure barely misses you.
You closely miss the lemure. You grab the lemure. You squeeze the lemure.
The lemure is severely wounded.
You constrict the lemure. The lemure hits you. The lemure hits you!
The lemure barely misses you.
You release your grip on the lemure.
The lemure hits you!
You hit Pikel. Your grab misses Pikel.
Pikel is lightly wounded.
The lemure hits you. Pikel barely misses you. The lemure hits you.
You hit Pikel. Your grab misses Pikel.
Pikel is moderately wounded.
The lemure closely misses you.
Pikel says, "You'll burn in Gehenna!"
Pikel closely misses you. The lemure hits you.
You puncture Pikel! Your grab misses Pikel.
Pikel is heavily wounded.
The lemure hits you.
Pikel says, "You'll feel the lick of my whip!"
Pikel hits you with a +2 whip of electrocution!
* * * LOW HITPOINT WARNING * * *
You are electrocuted!
You die...
Pikel says, "See you in Hell!"

.......# #...........##### #..#
.......# #...........# #..#
.......# #...........# #..#
.......# #...........# #..#
.......###...........#######..###
.......'..................(#.....
.......###...###5...######.#.####
.......# #.....#55..# #.#.....
.......# ##.##.#hK..######.######
#####.## #.#........#.....# #
#.#####.#..#.....#.##### #
#.......#..#.....#.#
#########..#.###.#.# #..#.#...#.#
...#.#.###.# ...##.#.# #.# ...
#.#<# #.#


You could see Pikel and 3 lemures.

Vanquished Creatures
  Menkaure (D:5)
  A lemure (D:5)
  A bullfrog (D:4)
  A scorpion (D:4)
  A howler monkey (D:5)
  A bombardier beetle (D:4)
  2 hounds (D:5)
  3 orc wizards
  2 iguanas
  5 adders
  4 ribbon worms
  7 orcs
  7 ball pythons
  10 endoplasms
  2 giant cockroaches (D:2)
  3 goblins
  9 hobgoblins
  7 jackals
  7 kobolds
  2 quokkas
  3 bats
  3 frilled lizards
  4 rats
86 creatures vanquished.

Notes
Turn   | Place    | Note
-------+----------+-------------------------------------------
     0 | D:1      | Alarak the Octopode Shapeshifter began the quest for the
                  | Orb.
     0 | D:1      | Reached XP level 1. HP: 13/13 MP: 1/1
    91 | D:1      | Reached XP level 2. HP: 18/18 MP: 2/2
   636 | D:2      | Reached XP level 3. HP: 21/23 MP: 3/3
  1435 | D:2      | Reached XP level 4. HP: 28/28 MP: 4/4
  1909 | D:3      | Found a broken altar of Ashenzari.
  1909 | D:3      | Found a basalt altar of Yredelemnul.
  2091 | D:3      | Reached XP level 5. HP: 21/36 MP: 5/5
  2375 | D:4      | Found Geibrid's Self-Improvement Boutique.
  2445 | D:4      | Reached skill level 3 in Stealth
  2685 | D:4      | Reached skill level 4 in Stealth
  2685 | D:4      | Reached XP level 6. HP: 41/41 MP: 6/6
  2730 | D:4      | Found a burning altar of Makhleb.
  2735 | D:4      | Found an ancient bone altar of Kikubaaqudgha.
  3037 | D:4      | Reached skill level 5 in Stealth
  3150 | D:5      | Entered Level 5 of the Dungeon
  3169 | D:5      | Reached skill level 6 in Stealth
  3302 | D:5      | Noticed Menkaure
  3331 | D:5      | Killed Menkaure
  3332 | D:5      | Reached skill level 7 in Stealth
  3332 | D:5      | Reached XP level 7. HP: 14/45 MP: 7/7
  3337 | D:5      | Noticed Pikel
  3543 | D:5      | Identified the +2 long sword of Plague {freeze, rPois rC+
                  | Dex+4}
  3548 | D:5      | Reached skill level 8 in Stealth
  4016 | D:5      | Mangled by Pikel

Illustrated notes

Levels and vault maps discovered:
D:1:      spicycebolla_arrival_transporter_tutorial, layout_loops_cross
D:2:      layout_basic, nicolae_wormholes
D:3:      layout_basic, gammafunk_temple_overflow_elements, minmay_door_square,
          supply_closet_lemuel
D:4:      layout_basic, nicolae_overflow_two_pavilions, nicolae_shop_self_help
D:5:      dreamdust_elfheim, layout_basic, kennysheep_small_spiral, uniq_pikel,
          uniq_menkaure
D:6:      layout_basic, minmay_temple_entry_glass, minmay_alternating_orb

Skill      XL: |  1  2  3  4  5  6  7 |
---------------+----------------------+-----
Unarmed Combat | 4 |  4.2
Fighting       | 2 3 |  3.6
Stealth        | 4 7 8 |  8.2
Dodging        | |  2.0
Shapeshifting  | |  3.6

Action                     |  1- 3 |  4- 6 |  7- 9 || total
---------------------------+-------+-------+-------++-------
  Melee: Unarmed           |    69 |    35 |       ||   104
         Tentacles         |     9 |     9 |     5 ||    23
         Constrict         |    16 |    15 |     4 ||    35
         Punch             |     1 |     4 |       ||     5
         Dagger            |       |    45 |    17 ||    62
    Use: Scroll            |     4 |     8 |       ||    12
   Stab: Sleeping          |    12 |    10 |     2 ||    24
 Armour: Skin              |    27 |    26 |    17 ||    70
  Dodge: Dodged            |    31 |    44 |    18 ||    93

Table legend: (Time is in decaauts)
 A = Elapsed time spent in this place.
 B = Non-inter-level travel time spent in this place.
 C = Inter-level travel time spent in this place.
 D = Time resting spent in this place.
 E = Time spent auto-exploring this place.
 F = Levels seen in this place.
 G = Mean time per level.
                   A        B        C        D        E       F      G
               +--------+--------+--------+--------+--------+-----+--------+
         Total |   4011 |   3870 |    141 |    635 |   2635 |   6 |  668.5 |
       Dungeon |   4011 |   3870 |    141 |    635 |   2635 |   6 |  668.5 |
               +--------+--------+--------+--------+--------+-----+--------+

Top non-repeatable levels by time:
     D:2: 896 daAuts
     D:3: 828 daAuts
     D:5: 796 daAuts
     D:4: 770 daAuts
     D:1: 650 daAuts
     D:6: 69 daAuts
